 Dungeon Crawl Stone Soup version 0.26-a0-661-g406de6ba63 (webtiles) character file.

Game seed: 7510135795144413571

1150 grandjackal the Skirmisher (level 8, 0/102 HPs)
             Began as a Demonspawn Gladiator on Oct 8, 2020.
             Was an Initiate of Trog.
             Slain by Menkaure (3 damage)
             ... on level 7 of the Dungeon.
             The game lasted 00:06:38 (6685 turns).

grandjackal the Skirmisher (Demonspawn Gladiator)   Turns: 6685, Time: 00:06:38

Health: 0/102      AC: 24    Str: 16    XL:     8   Next: 15%
Magic:  8/8        EV:  2    Int: 10    God:    Trog [......]
Gold:   208        SH:  0    Dex: 15    Spells: 7/7 levels left

rFire    . . .     SeeInvis .   a - +0 long sword
rCold    . . .     Faith    .   (no shield)
rNeg     + + +     Spirit   .   (armour currently unavailable)
rPois    +         Reflect  .   (helmet currently unavailable)
rElec    .         Harm     .   (cloak currently unavailable)
rCorr    +         Rampage  .   (gloves currently unavailable)
MR       .....     NoTele   +   (boots currently unavailable)
Stlth    +.........             (no amulet)
HPRegen  0.27/turn              A - ring of resist corrosion
MPRegen  0.11/turn              (no ring)

@: tree-form
A: rugged brown scales 3, rot immunity, freezing cloud immunity
a: Renounce Religion


You were on level 7 of the Dungeon.
You worshipped Trog.
Trog was noncommittal.
You were a tree.
You visited 2 branches of the dungeon, and saw 8 of its levels.

You collected 208 gold pieces.

Inventory:

Hand Weapons
 a - a +0 long sword (weapon)
 m - a +2 dagger of draining
Missiles
 d - 3 throwing nets (quivered)
 i - 18 poisoned darts
Armour
 c - a +0 helmet (melded)
 h - a +2 cloak (melded)
 o - a +0 leather armour of fire resistance
 v - a +2 leather armour of poison resistance (melded)
 B - a +0 pair of boots (melded)
Jewellery
 s - an uncursed ring of fire
 A - a ring of resist corrosion (left branch)
Wands
 t - a wand of enslavement (6)
 y - a wand of random effects (6)
 z - a wand of polymorph (8)
Scrolls
 e - 2 scrolls of immolation {unknown}
 g - 7 scrolls of identify
 k - 3 scrolls of remove curse {unknown}
 l - 2 scrolls of enchant weapon {unknown}
 n - a scroll of noise {unknown}
 q - a scroll of teleportation {unknown}
 r - 2 scrolls of fog {unknown}
 u - a scroll of random uselessness {unknown}
 w - a scroll of amnesia {unknown}
 x - a scroll of blinking {unknown}
Potions
 f - a potion of flight {unknown}
 j - 2 potions of curing
 p - 2 potions of haste {unknown}
 C - a potion of degeneration {unknown}


   Skills:
 + Level 5.9 Fighting
 + Level 5.7 Long Blades
 - Level 1.7 Throwing
 + Level 5.7 Dodging


You had 7 spell levels left.
You didn't know any spells.
Your spell library contained the following spells:

 Spells                   Type           Power        Failure   Level
 Animate Skeleton         Necr           #.....       36%         1
 Pain                     Necr           #...         36%         1
 Vampiric Draining        Necr           #.........   75%         3
 Animate Dead             Necr           #.........   98%         4
 Agony                    Necr           #.......     100%        5


Dungeon Overview and Level Annotations

Branches:
Dungeon (7/15)             Temple (1/1) D:6

Altars:
Ashenzari
Cheibriados
Dithmenos
Fedhas
Gozag
Hepliaklqana
Kikubaaqudgha
Makhleb
Nemelex Xobeh
Ru
Sif Muna
Trog
Uskayaw
Vehumet
Wu Jian
Xom
Yredelemnul
Zin
The Shining One

Annotations:
D:3 2 transporters
D:7 Menkaure


Innate Abilities, Weirdness & Mutations

(You are completely covered in rugged brown scales. (AC +3, +7% HP))
((Your flesh is cold resistant. (rC+)))
You are immune to rotting.
You are immune to freezing clouds.


Message History

You slash something! Something hits you!
* * * LOW HITPOINT WARNING * * *
Something hits you.
* * * LOW HITPOINT WARNING * * *
You hit something but do no damage. Something completely misses you.
You closely miss something. Something hits you but does no damage.
You closely miss something. Something hits you but does no damage.
Something hits you!
* * * LOW HITPOINT WARNING * * *
It was a potion of curing.
You feel better. Something hits you but does no damage.
You closely miss something. Something hits you but does no damage.
You miss something. Something hits you!
* * * LOW HITPOINT WARNING * * *
Something hits you but does no damage.
You miss something. Something hits you but does no damage.
You barely miss something. Something hits you but does no damage.
You closely miss something. Something hits you but does no damage.
Something hits you.
You die...

#... #..#
#..# #..#
#..# #..#
#..#
#.♣#####.#
#........#
#.########
#.#####
#.....#
#####.#
#.#
#######.#
#.......#


There were no monsters in sight!

Vanquished Creatures
  Grinder (D:6)
  A sky beast (D:6)
  A phantom (D:4)
  An ogre (D:4)
  Blork the orc (D:6)
  2 scorpions (D:5)
  A quasit (D:5)
  2 hounds
  A jelly (D:5)
  An orc priest (D:3)
  A centaur skeleton (D:5)
  5 orc wizards
  Ijyb (D:4)
  5 worker ants
  6 adders
  2 ufetubi
  An adder skeleton (D:4)
  An adder zombie (D:6)
  2 worms (D:2)
  2 dart slugs (D:3)
  5 leopard geckos
  26 orcs
  9 giant cockroaches
  11 goblins
  7 hobgoblins
  A quokka (D:2)
  4 ball pythons
  3 bats
  6 frilled lizards
  7 kobolds
  A quokka skeleton (D:5)
  8 rats
126 creatures vanquished.

Vanquished Creatures (collateral kills)
  A jelly (D:6)
  A shadow imp (D:6)
2 creatures vanquished.

Grand Total: 128 creatures vanquished

Notes
Turn   | Place    | Note
-------+----------+-------------------------------------------
     0 | D:1      | grandjackal the Demonspawn Gladiator began the quest for
                  | the Orb.
     0 | D:1      | Reached XP level 1. HP: 16/16 MP: 1/1
   357 | D:1      | Gained mutation: Your flesh is cold resistant. (rC+)
                  | [demonic ancestry]
   357 | D:1      | Reached XP level 2. HP: 22/22 MP: 2/2
  1219 | D:2      | Gained mutation: You are partially covered in rugged brown
                  | scales. (AC +1, +3% HP) [demonic ancestry]
  1219 | D:2      | Reached XP level 3. HP: 23/28 MP: 3/3
  1770 | D:2      | Gained mutation: You are immune to freezing clouds.
                  | [demonic ancestry]
  1770 | D:2      | Reached XP level 4. HP: 27/36 MP: 4/4
  2395 | D:3      | Reached XP level 5. HP: 32/42 MP: 5/5
  2532 | D:3      | Found a basalt altar of Yredelemnul.
  2844 | D:3      | Found a transporter.
  2863 | D:3      | Found a transporter.
  3054 | D:3      | Gained mutation: You are mostly covered in rugged brown
                  | scales. (AC +2, +5% HP) [demonic ancestry]
  3054 | D:3      | Reached XP level 6. HP: 29/50 MP: 6/6
  3651 | D:4      | Noticed Ijyb
  3714 | D:4      | Killed Ijyb
  4086 | D:4      | Gained mutation: You are completely covered in rugged brown
                  | scales. (AC +3, +7% HP) [demonic ancestry]
  4086 | D:4      | Reached XP level 7. HP: 32/58 MP: 7/7
  4644 | D:5      | Entered Level 5 of the Dungeon
  4912 | D:5      | Reached skill level 5 in Fighting
  4912 | D:5      | Reached skill level 5 in Dodging
  4950 | D:5      | Reached skill level 5 in Long Blades
  5552 | D:6      | Found a staircase to the Ecumenical Temple.
  5566 | Temple   | Entered the Ecumenical Temple
  5663 | Temple   | Became a worshipper of Trog the Wrathful
  5721 | D:6      | Noticed Blork the orc
  5737 | D:6      | Noticed Grinder
  5741 | D:6      | Killed Blork the orc
  5999 | D:6      | Your ally died
  6012 | D:6      | Gained mutation: You are immune to rotting. [demonic
                  | ancestry]
  6012 | D:6      | Reached XP level 8. HP: 49/68 MP: 8/8
  6664 | D:7      | Noticed Menkaure
  6679 | D:7      | HP: 1/102 [something (10)]
  6685 | D:7      | Slain by Menkaure

Illustrated notes

Levels and vault maps discovered:
D:1:      dpeg_arrival_prison, layout_loops_ring, minmay_door_square,
          minmay_strange_pillars
D:2:      layout_loops_ring
D:3:      gammafunk_steamed_eel, layout_basic, nicolae_overflow_hidden_temple
D:4:      layout_basic, sigmund_army, uniq_ijyb
D:5:      layout_basic
D:6:      layout_basic, minmay_temple_entry_nine_rooms, serial_curves,
          eino_curves_04, eino_curves_01, uniq_blork_the_orc, uniq_grinder
D:7:      layout_basic, nemelex_lonely_heart_becter, uniq_menkaure, uniq_maggie,
          uniq_pikel
Temple:   kilobyte_greek_temple

Skill      XL: |  1  2  3  4  5  6  7 |
---------------+----------------------+-----
Long Blades    | 3 4 5 |  5.7
Dodging        | 3 4 5 |  5.7
Fighting       | 3 4 5 |  5.9
Throwing       | |  1.7

Action                   |  1- 3 |  4- 6 |  7- 9 || total
-------------------------+-------+-------+-------++-------
Melee: Long sword        |   122 |   236 |   144 ||   502
Evoke: Wand              |       |       |     6 ||     6
  Use: Potion            |       |       |     2 ||     2
       Scroll            |       |       |     1 ||     1
 Stab: Betrayed ally     |       |       |     1 ||     1
Armor: Leather armour    |    40 |    87 |    51 ||   178
       Skin              |       |       |    13 ||    13
Dodge: Dodged            |    98 |   152 |    99 ||   349
       Rpst.: Long sword |    35 |    43 |    23 ||   101

Table legend: (Time is in decaauts)
 A = Elapsed time spent in this place.
 B = Non-inter-level travel time spent in this place.
 C = Inter-level travel time spent in this place.
 D = Time resting spent in this place.
 E = Time spent auto-exploring this place.
 F = Levels seen in this place.
 G = Mean time per level.
                   A        B        C        D        E       F      G
               +--------+--------+--------+--------+--------+-----+--------+
         Total |   6782 |   6591 |    191 |   1554 |   3868 |   8 |  847.8 |
       Dungeon |   6650 |   6492 |    158 |   1554 |   3777 |   7 |  950.0 |
        Temple |    131 |     98 |     33 |      0 |     91 |   1 |  131.0 |
               +--------+--------+--------+--------+--------+-----+--------+

Top non-repeatable levels by time:
     D:3: 1397 daAuts
     D:4: 1230 daAuts
     D:5: 1116 daAuts
     D:2: 1095 daAuts
     D:1: 1001 daAuts
     D:6: 776 daAuts
  Temple: 131 daAuts
     D:7: 34 daAuts
